AoeStats
← Bosco De Gama

Arabia

507678028Analyzed
1v1 RM · 12d ago on Sep 19, 2026· 45m 7s· 2 players
Game mode
Random Map
Map size
Tiny (2 player)
Population
200
Speed
Normal
Resources
Standard
Victory
Conquest
Starting age
Dark Age
Ending age
Imperial Age
RankedLock teamsTeams togetherTeam positionsShared explorationLock speedFull tech treeHidden civsTurbo modeCheats
Victory
Defeat
🇪🇸 Romans · Spain
1181
+14
🇫🇷 Berbers · France
1145
-14
Bosco De Gama
2:36 Loom
9:45 Feudal Age
10:22 Double-Bit Axe
10:21 Horse Collar
18:36 Wheelbarrow
21:13 Castle Age
19:22 Fletching
20:02 Bloodlines
20:50 Scale Barding Armor
22:16 Husbandry
22:54 Gold Mining
26:03 Hand Cart
25:48 Bodkin Arrow
26:35 Bow Saw
27:04 Gold Shaft Mining
30:22 Forging
31:54 Chain Barding Armor
35:25 Iron Casting
35:26 Heavy Plow
39:25 Imperial Age
37:16 Town Watch
38:43 Ballistas
39:16 Town Patrol
40:17 Heavy Scorpion
40:29 Cavalier
43:16 Chemistry
42:45 Ballistics
Racknagor
10:15 Feudal Age
18:48 Double-Bit Axe
21:21 Castle Age
19:25 Gold Mining
19:23 Horse Collar
20:00 Fletching
22:04 Bodkin Arrow
22:10 Padded Archer Armor
22:40 Husbandry
23:21 Bloodlines
26:38 Ballistics
30:02 Stone Mining
32:01 Fervor
40:21 Imperial Age
41:29 Pikeman
42:09 Squires
42:31 Bow Saw
42:58 Illumination
43:14 Theocracy
Connection lost

Rejoining the realm…

Still unreachable

The connection could not be restored.

Session expired

The server has moved on; the page needs a fresh start.